 Dungeon Crawl Stone Soup version 0.25-a0-458-g6fc7858b95 (webtiles) character file.

Game seed: 13542705257319557508, levelgen mode: deterministic

35681 Luthien the Devastator (level 13, -1/84 HPs)
             Began as a Gargoyle Conjurer on Feb 1, 2020.
             Was an Elder of the Shining One.
             Succumbed to barbed spike wounds
             ... on level 3 of the Lair of Beasts on Feb 2, 2020.
             The game lasted 01:49:01 (15003 turns).

Luthien the Devastator (Gargoyle Conjurer)         Turns: 15003, Time: 01:49:02

Health: -1/84      AC: 21    Str: 15    XL:     13   Next: 85%
Magic:  13/36      EV: 21    Int: 21    God:    the Shining One [****..]
Gold:   960        SH:  0    Dex: 10    Spells: 21/32 levels left

rFire    + . .     SeeInvis .   b - +2 mace of Yrghuf {vorpal, rF+ Str+3}
rCold    + . .     Gourm    .   (no shield)
rNeg     + + +     Faith    .   Y - +2 leather armour {rC+}
rPois    ∞         Spirit   .   Q - +0 hat
rElec    +         Reflect  .   q - +1 cloak
rCorr    .         Harm     .   U - +1 pair of gloves
MR       .....                  d - +1 pair of boots
Stlth    +.........             n - amulet of magic regeneration
HPRegen  0.24/turn              f - ring of Phasing {EV+8}
MPRegen  0.50/turn              S - ring of magical power

@: barbed spikes, very slightly contaminated, glowing
A: negative energy resistance 1, electricity resistance, unbreathing,
petrification resistance, rot immunity, AC +9
a: Divine Shield, Cleansing Flame, Renounce Religion


You were on level 3 of the Lair of Beasts.
You worshipped the Shining One.
The Shining One was greatly pleased with you.
You were hungry.

You visited 3 branches of the dungeon, and saw 16 of its levels.

You collected 960 gold pieces.

Inventory:

Hand Weapons
 b - the +2 mace of Yrghuf (weapon) {vorpal, rF+ Str+3}
   (You found it on level 6 of the Dungeon)

   It inflicts extra damage upon your enemies.
   It affects your strength (+3).
   It protects you from fire.
 R - the +4 halberd "Demonbane" {vorpal, Str+2 Int+5}
   (You found it on level 4 of the Dungeon)

   It inflicts extra damage upon your enemies.
   It affects your strength (+2).
   It affects your intelligence (+5).
Missiles
 s - 443 stones
 u - 68 sling bullets
 v - 29 boomerangs (quivered)
 E - 202 arrows
 O - a throwing net
 X - 4 large rocks
Armour
 d - a +1 pair of boots (worn)
 q - a +1 cloak (worn)
 Q - a +0 hat (worn)
 U - a +1 pair of gloves (worn)
 Y - a +2 leather armour of cold resistance (worn)
Magical Staves
 a - an uncursed staff of conjuration
Jewellery
 f - the ring of Phasing (left hand) {EV+8}
   (You found it on level 4 of the Dungeon)

   [ring of evasion]

   It affects your evasion (+8).
 n - an amulet of magic regeneration (around neck)
 S - a ring of magical power (right hand)
Wands
 p - a wand of acid (20)
 y - a wand of iceblast (6)
Scrolls
 e - a scroll of magic mapping
 h - 11 scrolls of remove curse
 j - a scroll of immolation
 o - 2 scrolls of fog
 r - 3 scrolls of enchant weapon
 t - 2 scrolls of identify
 w - 2 scrolls of fear {unknown}
 x - 11 scrolls of teleportation
 B - a scroll of torment {unknown}
 C - 3 scrolls of enchant armour
 N - 2 scrolls of amnesia
Potions
 g - 3 potions of haste
 i - 5 potions of curing
 k - 3 potions of agility
 m - a potion of cancellation
 G - 2 potions of flight
 L - a potion of resistance
 P - 6 potions of heal wounds
 V - a potion of magic
Miscellaneous
 T - a lightning rod (4/4)
Comestibles
 c - 29 rations


   Skills:
 + Level 10.8 Fighting
 + Level 3.6 Armour
 - Level 4.0 Dodging
 - Level 2.5 Stealth
 - Level 10.0 Spellcasting
 - Level 15.0 Conjurations
 - Level 4.0 Hexes
 - Level 4.0 Translocations
   Level 1.0 Transmutations
 + Level 7.4 Invocations
 - Level 5.0 Evocations


You had 21 spell levels left.
You knew the following spells:

 Your Spells              Type           Power        Failure   Level  Hunger
a - Magic Dart            Conj           ####         0%          1    None
b - Searing Ray           Conj           ######       1%          2    None
i - Iskenderun's Mystic   Conj/Tloc      ######..     1%          4    ##.....
p - Fulminant Prism       Conj/Hex       ######....   1%          4    ##.....

Your spell library contained the following spells:

 Spells                   Type           Power        Failure   Level  Hunger
 Apportation              Tloc           ####..       1%          1    None
 Corona                   Hex            ####...      1%          1    None
 Dazzling Flash           Conj/Hex       ######       1%          3    None
 Mephitic Cloud           Conj/Pois/Air  ####....     3%          3    None
 Sting                    Tmut/Pois      ##..         6%          1    None
 Animate Skeleton         Necr           N/A          8%          1    None
 Summon Small Mammal      Summ           ##..         8%          1    None
 Poisonous Vapours        Pois/Air       ##....       12%         2    None
 Ignite Poison            Fire/Tmut/Pois ##......     22%         3    None
 Olgreb's Toxic Radiance  Pois           ##......     61%         4    ##.....


Dungeon Overview and Level Annotations

Branches:
Dungeon (11/15)            Temple (1/1) D:7            Lair (4/6) D:11
 Shoals (0/4) Lair:3        Snake (0/4) Lair:3          Orc (0/2) D:10

Altars:
Ashenzari
Cheibriados
Dithmenos
Elyvilon
Fedhas
Gozag
Hepliaklqana
Kikubaaqudgha
Makhleb
Nemelex Xobeh
Okawaru
Qazlal
Ru
Sif Muna
Trog
Uskayaw
Vehumet
Wu Jian
Xom
Yredelemnul
Zin
The Shining One

Annotations:
D:9 3 runed translucent doors, funkygono's ghost, novice GrEE


Innate Abilities, Weirdness & Mutations

You are resistant to torment.
Your stone body is resilient. (AC +9)
You are immune to poison.
You resist negative energy. (rN+)
You are resistant to electric shocks. (rElec)
You can survive without breathing.
You are immune to petrification.
You are immune to rotting.


Message History

The meliai zaps a wand.
You are blasted!
* * * LOW HITPOINT WARNING * * *
The meliai calls down the wrath of its god upon you.
Something smites you! The Shining One protects you from harm!
Unknown command.
Blink to where?
Press: ? - help, Dir - move target cursor You are very lightly contaminated with residual magic.
As you read the scroll of blinking, it crumbles to dust.
Your fulminant prism crackles loudly.
Casting: Fulminant Prism (safe; 1% risk of failure)
Confirm with . or Enter, or press ? or * to list all spells.
Aiming: Fulminant Prism (safe; 1% risk of failure)
Press: ? - help, Dir - move target cursor You conjure a prism of explosive energy!
A fulminant prism comes into view.
Your fulminant prism explodes!
The barbed spikes dig painfully into your body as you move.
You die...

........# #...............P......
.......## #...............#......
..#....# #..###.###.##P...##+...
###....# ##.##### #####.........
#....# #P..##########.........
#....## ##.#...P#.##.#.........
#.....####.....................
###..........*...................
#P........§..y..@......#.........
...........###.###....#..........
.........### ### #....#..........
[###...### #..........#....
.#.......#### ####....P..........
.#.......#..###..#..........#....
.....................>......#....
.....>...........................
......................#PP........


You could see a meliai and a friendly fulminant prism.

Vanquished Creatures
  2 entropy weavers (Lair:4)
  4 hydras
  A catoblepas (Lair:4)
  A queen ant (Lair:4)
  4 death yaks (Lair:4)
  2 two-headed ogres
  Nergalle (Lair:3)
  Pikel (D:6)
  2 oklob plants (Lair:1)
  A cyclops (D:11)
  2 ugly things (D:11)
  4 black mambas
  Maurice (D:10)
  Psyche (D:9)
  7 spiny frogs
  A gargoyle (D:11)
  2 komodo dragons
  3 rime drakes
  A meliai (Lair:4)
  A troll (D:10)
  A polar bear (Lair:2)
  A queen bee (Lair:4)
  6 hippogriffs
  6 blink frogs
  2 shadows
  A wyvern (Lair:3)
  A spriggan (D:7)
  11 yaks
  A hungry ghost (D:8)
  3 basilisks
  2 nagas (Lair:3)
  Menkaure (D:7)
  Edmund (D:5)
  11 soldier ants (Lair:4)
  8 water moccasins
  5 porcupines
  4 sky beasts
  4 ice beasts
  6 orc warriors
  3 phantoms
  4 black bears
  A slave (D:6)
  5 ogres
  6 centaurs
  A necrophage (D:8)
  A wolf (Lair:3)
  7 crocodiles
  A big kobold (D:9)
  8 bullfrogs
  2 wyvern skeletons
  6 scorpions
  34 killer bees
  4 howler monkeys (D:10)
  9 crimson imps
  2 quasits (D:9)
  3 centaur zombies
  8 hounds
  6 jellies
  7 orc priests
  4 bullfrog skeletons
  2 gnoll shamans
  An iguana (D:9)
  6 hell rats (Lair:3)
  8 orc wizards
  16 worker ants
  A hound skeleton (D:8)
  A howler monkey skeleton (D:6)
  2 worker ant zombies
  13 gnolls
  9 adders
  An ooze (D:4)
  An adder zombie (D:6)
  5 worms
  6 leopard geckos
  63 orcs
  A ball python (D:2)
  3 giant cockroaches
  7 hobgoblins
  15 jackals
  10 kobolds
  3 quokkas
  6 bats
  3 frilled lizards
  3 goblins
  A jackal skeleton (D:4)
  A leopard gecko skeleton (D:6)
  A quokka zombie (D:9)
  10 rats
  2 fungi (Lair:3)
  4 plants
444 creatures vanquished.

Vanquished Creatures (others)
  2 slaves (D:6)
  A bullfrog (D:6)
  A bush (Lair:4)
  194 fulminant prisms
  11 fungi
  5 plants
214 creatures vanquished.

Grand Total: 658 creatures vanquished

Notes
Turn   | Place    | Note
-------+----------+-------------------------------------------
     0 | D:1      | Luthien the Gargoyle Conjurer began the quest for the Orb.
     0 | D:1      | Reached XP level 1. HP: 10/10 MP: 3/3
   219 | D:1      | Reached XP level 2. HP: 9/15 MP: 0/5
   882 | D:2      | Reached XP level 3. HP: 19/19 MP: 1/6
   975 | D:2      | Learned a level 2 spell: Searing Ray
  1343 | D:3      | Reached XP level 4. HP: 24/24 MP: 5/9
  1410 | D:3      | Reached XP level 5. HP: 28/28 MP: 5/11
  1569 | D:3      | Reached skill level 5 in Spellcasting
  1609 | D:3      | Found a sparkling altar of Nemelex Xobeh.
  1609 | D:3      | Found a faded altar of an unknown god.
  1619 | D:3      | Found an opulent altar of Gozag.
  1621 | D:3      | Found a shimmering altar of Xom.
  1623 | D:3      | Found a shattered altar of Ashenzari.
  1657 | D:3      | Found an ancient bone altar of Kikubaaqudgha.
  1746 | D:3      | Reached skill level 5 in Conjurations
  1746 | D:3      | Reached XP level 6. HP: 26/32 MP: 7/13
  1854 | D:3      | Found a radiant altar of Vehumet.
  2017 | D:4      | Found the ring of Phasing {EV+8}
  2148 | D:4      | Noticed a phantom
  2158 | D:4      | Killed a phantom
  2523 | D:4      | Found an opulent altar of Gozag.
  2723 | D:4      | Reached skill level 6 in Conjurations
  2995 | D:5      | Entered Level 5 of the Dungeon
  3003 | D:5      | Reached XP level 7. HP: 36/36 MP: 11/15
  3056 | D:5      | Learned a level 4 spell: Fulminant Prism
  3076 | D:5      | Reached skill level 7 in Conjurations
  3198 | D:5      | Reached skill level 1 in Hexes
  3278 | D:5      | Found a bloodstained altar of Trog.
  3314 | D:5      | Reached XP level 8. HP: 41/41 MP: 12/17
  3367 | D:5      | Noticed Edmund
  3455 | D:5      | Killed Edmund
  3748 | D:6      | Reached skill level 8 in Conjurations
  3771 | D:6      | Noticed Pikel
  3778 | D:6      | Killed Pikel
  3778 | D:6      | Reached skill level 9 in Conjurations
  3851 | D:6      | Reached XP level 9. HP: 45/45 MP: 15/19
  4097 | D:6      | Reached skill level 10 in Conjurations
  4310 | D:6      | Learned a level 4 spell: Iskenderun's Mystic Blast
  4580 | D:7      | Reached skill level 1 in Transmutations
  4631 | D:7      | Found a glowing golden altar of the Shining One.
  4802 | D:7      | Noticed Menkaure
  4813 | D:7      | Killed Menkaure
  4813 | D:7      | Reached skill level 1 in Translocations
  5148 | D:7      | Found a staircase to the Ecumenical Temple.
  5171 | D:7      | Reached skill level 11 in Conjurations
  5294 | D:7      | Reached skill level 1 in Fighting
  5554 | Temple   | Entered the Ecumenical Temple
  5879 | D:7      | Became a worshipper of the Shining One
  5936 | D:8      | Found a shattered altar of Ashenzari.
  5973 | D:8      | Reached XP level 10. HP: 53/53 MP: 12/22
  6241 | D:8      | Reached * piety under the Shining One
  6309 | D:8      | Reached skill level 12 in Conjurations
  6518 | D:8      | Found a hide-covered altar of Uskayaw.
  7262 | D:4      | Got a smoking halberd
  7332 | D:6      | Got a fine mace
  7376 | D:7      | Got an ancient quarterstaff
  7377 | D:7      | Identified the +4 halberd "Demonbane" {vorpal, Str+2 Int+5}
                  | (You found it on level 4 of the Dungeon)
  7378 | D:7      | Identified the +2 mace of Yrghuf {vorpal, rF+ Str+3} (You
                  | found it on level 6 of the Dungeon)
  7379 | D:7      | Identified the +7 quarterstaff of the Nexus {drain, +Rage
                  | Str+4} (You found it on level 7 of the Dungeon)
  7444 | D:9      | Found a runed translucent gate.
  7444 | D:9      | Found a runed translucent gate.
  7444 | D:9      | Found a runed translucent gate.
  7449 | D:9      | Noticed a fire dragon
  7451 | D:9      | Noticed funkygono's ghost (novice GrEE)
  7451 | D:9      | Reached ** piety under the Shining One
  7817 | D:9      | Noticed Psyche
  7826 | D:9      | Killed Psyche
  8092 | D:10     | Entered Level 10 of the Dungeon
  8132 | D:10     | Reached skill level 5 in Fighting
  8132 | D:10     | Reached skill level 1 in Evocations
  8132 | D:10     | Reached XP level 11. HP: 63/63 MP: 10/24
  8468 | D:10     | Noticed Maurice
  8511 | D:10     | Killed Maurice
  8511 | D:10     | Reached skill level 13 in Conjurations
  8746 | D:10     | Found a staircase to the Orcish Mines.
  9213 | D:10     | Reached *** piety under the Shining One
  9552 | D:10     | Got a pair of polished boots
  9558 | D:10     | Identified the +2 pair of boots of the Grue {rC++ Regen+
                  | Int-4 Slay-6} (You found it on level 10 of the Dungeon)
  9613 | D:11     | Noticed a five-headed hydra
  9631 | D:11     | Noticed a two-headed ogre
  9675 | D:11     | Noticed a cyclops
  9689 | D:11     | Killed a cyclops
  9705 | D:11     | Noticed a green ugly thing
  9806 | D:10     | Killed a two-headed ogre
 10075 | D:11     | Killed a green ugly thing
 10108 | D:11     | Killed a five-headed hydra
 10283 | D:11     | Noticed a two-headed ogre
 10310 | D:11     | Killed a two-headed ogre
 10446 | D:11     | Noticed a purple ugly thing
 10483 | D:11     | Killed a purple ugly thing
 10483 | D:11     | Reached XP level 12. HP: 71/71 MP: 22/25
 10959 | D:11     | Found a staircase to the Lair.
 10968 | Lair:1   | Entered Level 1 of the Lair of Beasts
 11122 | Lair:1   | Reached skill level 10 in Spellcasting
 11590 | Lair:1   | Reached skill level 5 in Evocations
 12269 | Lair:2   | Reached skill level 1 in Invocations
 12378 | Lair:2   | Found a shimmering blue altar of Sif Muna.
 12425 | Lair:2   | Reached skill level 14 in Conjurations
 12668 | Lair:2   | Identified 3 scrolls of acquirement
 12668 | Lair:2   | Identified the +2 plate armour "Dimuw" {Stlth+} (You
                  | acquired it on level 2 of the Lair of Beasts)
 12917 | Lair:3   | Noticed a seven-headed hydra
 12926 | Lair:3   | Killed a seven-headed hydra
 12990 | Lair:3   | Noticed Nergalle
 13005 | Lair:3   | Killed Nergalle
 13011 | Lair:3   | Noticed a seven-headed hydra
 13011 | Lair:3   | Reached **** piety under the Shining One
 13014 | Lair:3   | Noticed a five-headed hydra
 13019 | Lair:3   | Killed a seven-headed hydra
 13028 | Lair:3   | Killed a five-headed hydra
 13028 | Lair:3   | Reached XP level 13. HP: 67/80 MP: 9/27
 13126 | Lair:3   | Found a staircase to the Snake Pit.
 13479 | Lair:3   | Found a staircase to the Shoals.
 13793 | Lair:4   | Noticed an entropy weaver
 13806 | Lair:4   | Killed an entropy weaver
 13806 | Lair:4   | Reached skill level 5 in Invocations
 13824 | Lair:4   | Noticed an entropy weaver
 14325 | Lair:4   | Killed an entropy weaver
 14325 | Lair:4   | Reached skill level 10 in Fighting
 14371 | Lair:4   | Reached skill level 15 in Conjurations
 14567 | Lair:4   | Reached skill level 1 in Armour
 15000 | Lair:3   | The Shining One protects you from harm!
 15003 | Lair:3   | Succumbed to barbed spike wounds

Levels and vault maps discovered:
D:1:      psy_arrival_dodecagon, layout_rooms
D:2:      layout_rooms, st_stairs_14
D:3:      layout_rooms, lemuel_round_altar, vehumet_crystals,
          chequers_temple_overflow_minitemple
D:4:      layout_basic, first_ration, chequers_serial_rivers_micro_e,
          nicolae_gozag_seed_capital
D:5:      layout_cave_pools, basic_altar, uniq_edmund
D:6:      layout_loops_ring, minmay_manual_mares, uniq_pikel
D:7:      layout_loops_ring, tso_oasis_becter,
          minmay_temple_entry_enclosed_plants, the_bakery, st_stairs_7,
          uniq_menkaure
D:8:      layout_gridville, marbit_many_paths, basic_altar,
          serial_bayou_crossing
D:9:      layout_long_grid, gammafunk_ghost_split, uniq_psyche
D:10:     layout_stronghold, david_orc_4, minmay_misc_feat_tiny,
          minmay_liquid_box, uniq_maurice
D:11:     layout_rooms, lair_entry_dummy, minmay_puff
Temple:   minmay_temple_curvy_branch
Lair:1:   layout_chaotic_city, lemuel_fruit_tree, minmay_lair_oklob_chamber,
          lemuel_fruit_fields, grunt_megastairs_4
Lair:2:   layout_roguey, basic_altar, serial_bayou_pond_e, lemuel_fruit_fields
Lair:3:   layout_chaotic_city, elwin_shoals_entry_rocks,
          minmay_snake_entry_guardpost_small, uniq_nergalle
Lair:4:   regret_index_tunnel_blossom, layout_cave_pods,
          chequers_serial_rivers_micro_b, minmay_another_anthill

Skill      XL: |  1  2  3  4  5  6  7  8  9 10 11 12 13 |
---------------+----------------------------------------+-----
Spellcasting   | 3 4 5 6 7 8 9 10 | 10.0
Conjurations   | 5 6 7 9 11 12 13 14 15 | 15.0
Hexes          | 1 2 4 |  4.0
Transmutations | 1 |  1.0
Translocations | 2 4 |  4.0
Fighting       | 1 5 6 9 10 | 10.8
Evocations     | 1 3 5 |  5.0
Dodging        | 3 4 |  4.0
Invocations    | 4 7 |  7.4
Armour         | 3 |  3.6
Stealth        | |  2.5

Action                   |  1- 3 |  4- 6 |  7- 9 | 10-12 | 13-15 || total
-------------------------+-------+-------+-------+-------+-------++-------
Melee: Unarmed           |    38 |       |       |       |       ||    38
       Club              |     4 |    24 |       |       |       ||    28
       Rapier            |       |     1 |       |       |       ||     1
       Hand axe          |       |    13 |    16 |     9 |       ||    38
       Mace              |       |       |       |    54 |    26 ||    80
       Staff             |       |       |       |       |    17 ||    17
 Cast: Magic Dart        |    75 |    47 |    84 |   167 |    38 ||   411
       Searing Ray       |     6 |    27 |    54 |    92 |    23 ||   202
       Fulminant Prism   |       |       |     7 |   112 |    76 ||   195
       Iskenderun's Myst |       |       |       |     3 |       ||     3
  Use: Scroll            |       |     2 |       |    20 |     2 ||    24
  Eat: Chunk             |     2 |     6 |    10 |    18 |     6 ||    42
       Ration            |       |       |       |     3 |     1 ||     4
Armor: Robe              |    18 |       |       |       |       ||    18
       Ring mail         |     2 |    29 |    20 |    18 |       ||    69
       Leather armour    |       |       |       |    58 |    41 ||    99
Dodge: Dodged            |    44 |    46 |    71 |   202 |   144 ||   507

Table legend:
 A = Non-vault XP
 B = Vault XP
 C = Vault XP percentage of total XP
 D = Non-vault monster count
 E = Vault monster count
 F = Vault count percentage of total count
                 A         B        C        D         E       F
            +---------+---------+-------+---------+---------+-------
      Total |   31810 |   19163 |  37.6 |     330 |     107 |  24.5
            +---------+---------+-------+---------+---------+-------
        D:1 |      29 |       0 |   0.0 |      17 |       0 |   0.0
        D:2 |     140 |       2 |   1.4 |      20 |       1 |   4.8
        D:3 |     227 |       0 |   0.0 |      30 |       0 |   0.0
        D:4 |     205 |       0 |   0.0 |      13 |       0 |   0.0
        D:5 |     708 |     164 |  18.8 |      16 |       1 |   5.9
        D:6 |     748 |     863 |  53.6 |      23 |       3 |  11.5
        D:7 |     791 |     490 |  38.3 |      15 |       3 |  16.7
        D:8 |    2286 |       0 |   0.0 |      51 |       0 |   0.0
        D:9 |    1868 |     418 |  18.3 |      44 |       1 |   2.2
       D:10 |    3649 |    1184 |  24.5 |      31 |      19 |  38.0
       D:11 |    4811 |    1064 |  18.1 |      17 |       4 |  19.0
     Lair:1 |    2427 |    1794 |  42.5 |      13 |       5 |  27.8
     Lair:2 |    3680 |       0 |   0.0 |      13 |       0 |   0.0
     Lair:3 |    5764 |    1636 |  22.1 |      20 |       8 |  28.6
     Lair:4 |    4477 |   11548 |  72.1 |       7 |      62 |  89.9
            +---------+---------+-------+---------+---------+-------
